PAAA
BAKERSFIELD NOBLES @ BANGOR TRIDENT BASE OGRES
06/15/2023
 
TOP OF THE 1ST
Bakersfield Nobles batting - Pitching for Bangor Trident Base Ogres : LHP Víctor Sánchez
Pitching: LHP Víctor Sánchez
Batting: RHB Arnie Latham 0-0: Ball
1-0: Ground out 6-3 (Groundball, 6)
Batting: RHB Ted Cook 0-0: Ball
1-0: SINGLE (Groundball, 4M)
Batting: RHB Manuel Villarreal 0-0: Ball
1-0: Ball
2-0: Ball
3-0: Called Strike
3-1: Base on Balls
Ted Cook to second
Batting: RHB Floyd Mitchell 0-0: Swinging Strike
0-1: Ball
1-1: Foul Ball, location: 2F
1-2: Ball
2-2: Foul Ball, location: 2F
2-2: Strikes out swinging
Batting: LHB Markus Richardson 0-0: Ball
1-0: Called Strike
1-1: Ground out 6-3 (Groundball, 6)
Top of the 1st over - 0 run(s), 1 hit(s), 0 error(s), 2 left on base; Bakersfield 0 - Bangor Trident Base 0
BOTTOM OF THE 1ST
Bangor Trident Base Ogres batting - Pitching for Bakersfield Nobles : LHP Tomiji Saikawa
Pitching: LHP Tomiji Saikawa
Batting: RHB Elvis Larson 0-0: Foul Ball, location: 2F
0-1: Swinging Strike
0-2: Strikes out looking
Batting: RHB Ken Fulton 0-0: Foul Ball, location: 2F
0-1: Ball
1-1: Foul Ball, location: 2F
1-2: SINGLE (Line Drive, 8LS)
Batting: RHB Tom Baker 0-0: Ball
1-0: Ball
2-0: Called Strike
2-1: Ball
3-1: Foul Ball, location: 2F
3-2: Fly out, F3 (Popup, 13)
Batting: LHB Armando Esparza 0-0: Called Strike
0-1: Fly out, F7 (Flyball, 7S)
Bottom of the 1st over - 0 run(s), 1 hit(s), 0 error(s), 1 left on base; Bakersfield 0 - Bangor Trident Base 0
TOP OF THE 2ND
Bakersfield Nobles batting - Pitching for Bangor Trident Base Ogres : LHP Víctor Sánchez
Batting: RHB Dong-po Tien 0-0: Foul Ball, location: 2F
0-1: Ground out 1-3 (Groundball, 13S)
Batting: LHB Gregg Young 0-0: Called Strike
0-1: Ground out 4-3 (Groundball, 4)
Batting: RHB Lloyd Alberink 0-0: Ball
1-0: Ball
2-0: Swinging Strike
2-1: Called Strike
2-2: Ball
3-2: Fly out, F9 (Flyball, 89M)
Top of the 2nd over - 0 run(s), 0 hit(s), 0 error(s), 0 left on base; Bakersfield 0 - Bangor Trident Base 0
BOTTOM OF THE 2ND
Bangor Trident Base Ogres batting - Pitching for Bakersfield Nobles : LHP Tomiji Saikawa
Batting: RHB Augusto Rocha 0-0: Ball
1-0: Called Strike
1-1: Ground out 4-3 (Groundball, 4M)
Batting: RHB Hubert Dodson 0-0: Ball
1-0: Ball
2-0: Ball
3-0: Foul Ball, location: 2F
3-1: Foul Ball, location: 2F
3-2: Base on Balls
Batting: LHB Geoff Tucker 0-0: Called Strike
0-1: Foul Ball, location: 2F
0-2: Ball
1-2: SINGLE (Groundball, 34D)
Hubert Dodson to second
Runner from 2nd tries for 3rd, SAFE, no throw or cutoff
Batting: RHB Luis Hernández 0-0: Called Strike
0-1: Swinging Strike
0-2: Ball
1-2: Strikes out looking
Batting: SHB Bill Becker 0-0: Ball
1-0: Swinging Strike
1-1: Foul Ball, location: 2F
1-2: Fly out, F9 (Flyball, 9S)
Bottom of the 2nd over - 0 run(s), 1 hit(s), 0 error(s), 2 left on base; Bakersfield 0 - Bangor Trident Base 0
TOP OF THE 3RD
Bakersfield Nobles batting - Pitching for Bangor Trident Base Ogres : LHP Víctor Sánchez
Batting: RHB Luis Jiménez 0-0: Ball
1-0: Called Strike
1-1: Foul Ball, location: 2F
1-2: SINGLE (Line Drive, 4MD)
Batting: RHB Arnie Latham 0-0: Called Strike
0-1: Foul Ball, location: 2F
0-2: Fly out, F4 (Popup, 4MD)
Batting: RHB Ted Cook 0-0: Foul Ball, location: 2F
0-1: Called Strike
0-2: Ball
1-2: Hit by Pitch
Luis Jiménez to second
Pinch Runner at 1st León Estrada:
Batting: RHB Manuel Villarreal 0-0: Called Strike
0-1: Ball
1-1: Swinging Strike
1-2: Ball
2-2: Ball
3-2: Base on Balls
Luis Jiménez to third
León Estrada to second
Batting: RHB Floyd Mitchell 0-0: Foul Ball, location: 2F
0-1: Foul Ball, location: 2F
0-2: Foul Ball, location: 2F
0-2: Ball
1-2: Ball
2-2: Grounds into double play, 6-4-3 (Groundball, 6)
Top of the 3rd over - 0 run(s), 1 hit(s), 0 error(s), 2 left on base; Bakersfield 0 - Bangor Trident Base 0
BOTTOM OF THE 3RD
Bangor Trident Base Ogres batting - Pitching for Bakersfield Nobles : LHP Tomiji Saikawa
Now at 2B: León Estrada
Batting: RHB Elvis Larson 0-0: Ball
1-0: Ground out 4-3 (Groundball, 4M)
Batting: RHB Ken Fulton 0-0: Called Strike
0-1: Ball
1-1: Swinging Strike
1-2: Ball
2-2: Ball
3-2: Base on Balls
Batting: RHB Tom Baker 0-0: Swinging Strike
0-1: Ball
1-1: Swinging Strike
1-2: Fly out, F3 (Popup, 3DF)
Batting: LHB Armando Esparza 0-0: Ball
1-0: Called Strike
1-1: Swinging Strike
1-2: Ball
2-2: Strikes out swinging
Bottom of the 3rd over - 0 run(s), 0 hit(s), 0 error(s), 1 left on base; Bakersfield 0 - Bangor Trident Base 0
TOP OF THE 4TH
Bakersfield Nobles batting - Pitching for Bangor Trident Base Ogres : LHP Víctor Sánchez
Batting: LHB Markus Richardson 0-0: Ball
1-0: Ball
2-0: Fly out, F7 (Popup, 6D)
Batting: RHB Dong-po Tien 0-0: Called Strike
0-1: Foul Ball, location: 2F
0-2: Ball
1-2: Ball
2-2: Ball
3-2: Foul Ball, location: 2F
3-2: Foul Ball, location: 2F
3-2: Base on Balls
Batting: LHB Gregg Young 0-0: Ball
1-0: Called Strike
1-1: Foul Ball, location: 2F
1-2: Ball
2-2: SINGLE (Line Drive, 4MD)
Dong-po Tien to second
Batting: RHB Lloyd Alberink 0-0: Ball
1-0: Grounds into double play, U6-3 (Groundball, 6)
Top of the 4th over - 0 run(s), 1 hit(s), 0 error(s), 1 left on base; Bakersfield 0 - Bangor Trident Base 0
BOTTOM OF THE 4TH
Bangor Trident Base Ogres batting - Pitching for Bakersfield Nobles : LHP Tomiji Saikawa
Batting: RHB Augusto Rocha 0-0: Foul Ball, location: 2F
0-1: Called Strike
0-2: Hit by Pitch
Batting: RHB Hubert Dodson 0-0: Called Strike
0-1: Swinging Strike
0-2: 2-RUN HOME RUN (Flyball, 7D), Distance : 410 ft
Batting: LHB Geoff Tucker 0-0: Ball
1-0: Called Strike
1-1: Ball
2-1: Swinging Strike
2-2: Ground out 4-3 (Groundball, 4)
Batting: RHB Luis Hernández 0-0: Foul Ball, location: 2F
0-1: Fly out, F7 (Line Drive, 7S)
Batting: SHB Bill Becker 0-0: Swinging Strike
0-1: Fly out, F9 (Flyball, 9LM)
Bottom of the 4th over - 2 run(s), 1 hit(s), 0 error(s), 0 left on base; Bakersfield 0 - Bangor Trident Base 2
TOP OF THE 5TH
Bakersfield Nobles batting - Pitching for Bangor Trident Base Ogres : LHP Víctor Sánchez
Batting: RHB Luis Jiménez 0-0: DOUBLE (Line Drive, 8LM)
Batting: RHB Arnie Latham 0-0: Foul Ball, location: 2F
0-1: Foul Ball, location: 2F
0-2: Ground out 1-3 (Groundball, 25)
Batting: SHB León Estrada 0-0: Ball
1-0: Foul Ball, location: 2F
1-1: SINGLE (Groundball, 56D)
Luis Jiménez to third
Runner from 3rd tries for Home, SAFE, no throw or cutoff
Batting: RHB Manuel Villarreal 0-0: Called Strike
0-1: Ball
1-1: Ball
2-1: Ball
Wild Pitch!
León Estrada to second
3-1: Base on Balls
Batting: RHB Floyd Mitchell 0-0: Grounds into double play, 5-4-3 (Groundball, 5)
Top of the 5th over - 1 run(s), 2 hit(s), 0 error(s), 1 left on base; Bakersfield 1 - Bangor Trident Base 2
BOTTOM OF THE 5TH
Bangor Trident Base Ogres batting - Pitching for Bakersfield Nobles : LHP Tomiji Saikawa
Batting: RHB Elvis Larson 0-0: Ball
1-0: Called Strike
1-1: Swinging Strike
1-2: Ball
2-2: Ball
3-2: Foul Ball, location: 2F
3-2: Strikes out swinging
Batting: RHB Ken Fulton 0-0: Ball
1-0: SOLO HOME RUN (Flyball, 78XD), Distance : 445 ft
Batting: RHB Tom Baker 0-0: Fly out, F6 (Popup, 6MD)
Batting: LHB Armando Esparza 0-0: Foul Ball, location: 2F
0-1: Foul Ball, location: 2F
0-2: Hit by Pitch
Batting: RHB Augusto Rocha 0-0: Called Strike
0-1: Ball
1-1: Ball
2-1: Ground out 6-3 (Groundball, 6)
Bottom of the 5th over - 1 run(s), 1 hit(s), 0 error(s), 1 left on base; Bakersfield 1 - Bangor Trident Base 3
TOP OF THE 6TH
Bakersfield Nobles batting - Pitching for Bangor Trident Base Ogres : LHP Víctor Sánchez
Batting: LHB Markus Richardson 0-0: Ball
1-0: Ball
2-0: Called Strike
2-1: Ball
3-1: Called Strike
3-2: Foul Ball, location: 2F
3-2: Base on Balls
Batting: RHB Dong-po Tien 0-0: Called Strike
0-1: Ball
1-1: Swinging Strike
1-2: Ball
Markus Richardson is caught stealing 2nd base
2-2: Strikes out swinging
Batting: LHB Gregg Young 0-0: Ball
1-0: Ball
2-0: Foul Ball, location: 2F
2-1: Ground out 4-3 (Groundball, 34)
Top of the 6th over - 0 run(s), 0 hit(s), 0 error(s), 0 left on base; Bakersfield 1 - Bangor Trident Base 3
BOTTOM OF THE 6TH
Bangor Trident Base Ogres batting - Pitching for Bakersfield Nobles : LHP Tomiji Saikawa
Batting: RHB Hubert Dodson 0-0: Ball
1-0: Ball
2-0: Called Strike
2-1: Swinging Strike
2-2: Ball
3-2: Ground out 5-3 (Groundball, 15S)
Batting: LHB Geoff Tucker 0-0: Ball
1-0: Called Strike
1-1: Ball
2-1: Swinging Strike
2-2: SINGLE (Groundball, 56D)
Batting: RHB Luis Hernández 0-0: Ball
1-0: Called Strike
1-1: DOUBLE (Flyball, 89XD)
Geoff Tucker to third
Runner from 3rd tries for Home, SAFE, no throw or cutoff
Batting: SHB Bill Becker 0-0: Foul Ball, location: 2F
0-1: Ball
1-1: Ball
2-1: Foul Ball, location: 2F
2-2: DOUBLE (Line Drive, 5L)
Luis Hernández scores
Batting: RHB Elvis Larson 0-0: Swinging Strike
0-1: Ball
1-1: Ball
2-1: Foul Ball, location: 2F
2-2: Fly out, F9 (Flyball, 9M)
Batting: RHB Ken Fulton 0-0: Foul Ball, location: 2F
0-1: DOUBLE (Line Drive, 7LD)
Bill Becker scores
Pitching: RHP Larry Branch
Batting: RHB Tom Baker 0-0: Swinging Strike
0-1: DOUBLE (Line Drive, 8RM)
Ken Fulton scores
Batting: LHB Armando Esparza 0-0: Called Strike
0-1: Ball
1-1: Ball
2-1: Foul Ball, location: 2F
2-2: Foul Ball, location: 2F
2-2: Foul Ball, location: 2F
2-2: Ball
3-2: Strikes out swinging
Bottom of the 6th over - 4 run(s), 5 hit(s), 0 error(s), 1 left on base; Bakersfield 1 - Bangor Trident Base 7
TOP OF THE 7TH
Bakersfield Nobles batting - Pitching for Bangor Trident Base Ogres : LHP Víctor Sánchez
Batting: RHB Lloyd Alberink 0-0: Called Strike
0-1: Foul Ball, location: 2F
0-2: Reached on error, E6 (Groundball, 6M)
Batting: RHB Luis Jiménez 0-0: Ball
1-0: Foul Ball, location: 2F
1-1: Called Strike
1-2: Strikes out swinging
Batting: RHB Arnie Latham 0-0: Ball
1-0: Foul Ball, location: 2F
1-1: Fly out, F9 (Flyball, 9S)
Pitching: RHP Jason McKinney
Batting: SHB León Estrada 0-0: Called Strike
0-1: Ball
1-1: DOUBLE (Groundball, 3L)
Lloyd Alberink to third
Runner from 3rd tries for Home, SAFE, no throw or cutoff
Batting: RHB Manuel Villarreal 0-0: Foul Ball, location: 2F
0-1: Foul Ball, location: 2F
0-2: Foul Ball, location: 2F
0-2: Ball
1-2: Ball
2-2: Ground out U3 (Groundball, 3S)
Top of the 7th over - 1 run(s), 1 hit(s), 1 error(s), 1 left on base; Bakersfield 2 - Bangor Trident Base 7
BOTTOM OF THE 7TH
Bangor Trident Base Ogres batting - Pitching for Bakersfield Nobles : RHP Larry Branch
Batting: RHB Augusto Rocha 0-0: Called Strike
0-1: Ball
1-1: Ball
2-1: Called Strike
2-2: Ball
3-2: Foul Ball, location: 2F
3-2: Strikes out swinging
Batting: RHB Hubert Dodson 0-0: Called Strike
0-1: Ball
1-1: Ball
2-1: Foul Ball, location: 2F
2-2: Ball
3-2: Ground out 5-3 (Groundball, 5)
Batting: LHB Geoff Tucker 0-0: Swinging Strike
0-1: Ball
1-1: Swinging Strike
1-2: Strikes out swinging
Bottom of the 7th over - 0 run(s), 0 hit(s), 0 error(s), 0 left on base; Bakersfield 2 - Bangor Trident Base 7
TOP OF THE 8TH
Bakersfield Nobles batting - Pitching for Bangor Trident Base Ogres : RHP Jason McKinney
Batting: RHB Floyd Mitchell 0-0: Fly out, F7 (Flyball, 7S)
Batting: LHB Markus Richardson 0-0: Called Strike
0-1: Ball
1-1: Swinging Strike
1-2: Ball
2-2: Foul Ball, location: 2F
2-2: Foul Ball, location: 2F
2-2: Ball
3-2: Base on Balls
Batting: RHB Dong-po Tien 0-0: Swinging Strike
0-1: Ball
1-1: Grounds into double play, 4-6-3 (Groundball, 4)
Top of the 8th over - 0 run(s), 0 hit(s), 0 error(s), 0 left on base; Bakersfield 2 - Bangor Trident Base 7
BOTTOM OF THE 8TH
Bangor Trident Base Ogres batting - Pitching for Bakersfield Nobles : RHP Larry Branch
Batting: RHB Luis Hernández 0-0: Foul Ball, location: 2F
0-1: Called Strike
0-2: Strikes out swinging
Batting: SHB Bill Becker 0-0: Called Strike
0-1: Foul Ball, location: 2F
0-2: Ground out U3 (Groundball, 3S)
Batting: RHB Elvis Larson 0-0: Foul Ball, location: 2F
0-1: Reached on error, E5 (Groundball, 5S)
Batting: RHB Ken Fulton 0-0: Foul Ball, location: 2F
0-1: Called Strike
0-2: Fly out, F8 (Flyball, 8LXD)
Bottom of the 8th over - 0 run(s), 0 hit(s), 1 error(s), 1 left on base; Bakersfield 2 - Bangor Trident Base 7
TOP OF THE 9TH
Bakersfield Nobles batting - Pitching for Bangor Trident Base Ogres : RHP Jason McKinney
Now at C: Scott Forrest
Batting: LHB Gregg Young 0-0: Ball
1-0: Swinging Strike
1-1: Swinging Strike
1-2: Foul Ball, location: 2F
1-2: Foul Ball, location: 2F
1-2: Foul Ball, location: 2F
1-2: Ball
2-2: Fly out, F6 (Popup, 4MD)
Batting: RHB Lloyd Alberink 0-0: Ball
1-0: Called Strike
1-1: Ball
2-1: SINGLE (Groundball, 5D)
Batting: RHB Luis Jiménez 0-0: Swinging Strike
0-1: Ball
Wild Pitch!
Lloyd Alberink to second
1-1: Ball
2-1: Called Strike
2-2: Ball
3-2: Base on Balls
Batting: RHB Arnie Latham 0-0: Called Strike
0-1: Ball
1-1: Called Strike
1-2: Fly out, F8 (Flyball, 8LM)
Batting: SHB León Estrada 0-0: Foul Ball, location: 2F
0-1: Ball
1-1: Called Strike
1-2: Fly out, F6 (Popup, 6D)
Top of the 9th over - 0 run(s), 1 hit(s), 0 error(s), 2 left on base; Bakersfield 2 - Bangor Trident Base 7
This league is powered by Out of the Park Baseball, the baseball management simulation game for PC, Mac and Linux
Friday, July 8th, 2016 - OOTP Baseball 16.9 Build 39